 Dungeon Crawl Stone Soup version 0.28-a0-723-g095bd1b44f (webtiles) character file.

Game seed: 14551302907683250199

449 mandarbmax the Digger (level 7, -1/41 HPs)
             Began as an Octopode Earth Elementalist on Oct 26, 2021.
             Slain by an iguana (7 damage)
             ... on level 5 of the Dungeon.
             The game lasted 00:10:45 (5550 turns).

mandarbmax the Digger (Octopode Earth Elementalist) Turns: 5550, Time: 00:10:46

Health: -1/41      AC:  1    Str:  7    XL:     7   Next: 4%
Magic:  0/10       EV: 13    Int: 19    God:
Gold:   232        SH:  0    Dex: 13    Spells: 6/10 levels left

rFire   . . .      SeeInvis +   j - +0 rapier (speed)
rCold   . . .      Faith    .   (no shield)
rNeg    . . .      Spirit   .   (helmet restricted)
rPois   .          Reflect  .   (no amulet)
rElec   .          Harm     .   i - ring of see invisible
rCorr   .          Rampage  .   (no ring)
Will    .....                   (no ring)
Stlth   +++.......              (no ring)
HPRegen 0.13/turn               (no ring)
MPRegen 0.12/turn               (no ring)
                                (no ring)
                                (no ring)

@: mighty
A: almost no armour, amphibious, 8 rings, camouflage 1, gelatinous body 1,
(nimble swimmer 1), tentacles
a: no special abilities


You were on level 5 of the Dungeon.
You visited 1 branch of the dungeon, and saw 5 of its levels.

You collected 232 gold pieces.

Inventory:

Hand Weapons
 j - a +0 rapier of speed (weapon)
Missiles
 b - 44 stones
 d - 27 poisoned darts
Jewellery
 i - a ring of see invisible (left tentacle)
Wands
 c - a wand of flame (8)
Scrolls
 h - a scroll of magic mapping {unknown}
 m - a scroll of fear {unknown}
 n - a scroll of enchant weapon {unknown}
 o - a scroll of amnesia
Potions
 e - a potion of attraction
 f - a potion of might
 g - a potion of magic
 k - a potion of curing
 l - a potion of berserk rage {unknown}
 p - a potion of flight {unknown}


   Skills:
 - Level 2.0 Dodging
 - Level 2.6 Stealth
 - Level 2.0 Spellcasting
 - Level 1.0 Transmutations
 + Level 7.7 Earth Magic


You had 6 spell levels left.
You knew the following spells:

 Your Spells              Type           Power      Damage    Failure   Level
a - Sandblast             Erth           62%        2d14      1%          1
b - Stone Arrow           Conj/Erth      32%        3d9       11%         3

Your spell library contained the following spells:

 Spells                   Type           Power      Damage    Failure   Level
 Passwall                 Tmut/Erth      15%        N/A       4%          2
 Petrify                  Tmut/Erth      18%        N/A       28%         4
 Dazzling Flash           Conj/Hex       2%         N/A       45%         3
 Iskenderun's Mystic Bla  Conj/Tloc      1%         2d3       86%         4
 Starburst                Conj/Fire      0%         6d3       100%        6


Dungeon Overview and Level Annotations

Branches:
Dungeon (5/15)
 Temple: D:4-7

Altars:
Ashenzari
Okawaru
Ru
Sif Muna
Yredelemnul

Shops:
D:1 !!

Portals:
Abyss: D:3

Annotations:
D:3 2 transporters, Chaicat's ghost, amateur MiBe
D:4 1 runed translucent door, Crazy Yiuf


Innate Abilities, Weirdness & Mutations

You cannot wear most types of armour.
You are amphibious.
You can wear up to eight rings at the same time.
Your skin changes colour to match your surroundings (Stealth+).
Your rubbery body absorbs attacks. (AC +1, EV +1)
((You are camouflaged near water. (Stealth+)))
You have tentacles for arms and can constrict up to eight enemies at once.


Message History

You have reached level 7!
You closely miss the gnoll. You grab the gnoll. You squeeze the gnoll.
The gnoll is moderately wounded.
You constrict the gnoll, but do no damage.
The gnoll hits you with a +0 whip.
You barely miss the gnoll.
The gnoll is moderately wounded.
You constrict the gnoll. You hit the gnoll but do no damage.
The gnoll is moderately wounded.
You constrict the gnoll. The gnoll hits you with a +0 whip.
You hit the gnoll.
The gnoll is heavily wounded.
You constrict the gnoll. The gnoll misses you.
You hit the gnoll.
The gnoll is severely wounded.
You constrict the gnoll. The gnoll completely misses you.
You hit the gnoll but do no damage.
The gnoll is almost dead.
You constrict the gnoll.
You kill the gnoll!
Casting: Sandblast (safe; 1% risk of failure)
Confirm with . or Enter, or press ? or * to list all spells.
Aiming: Sandblast (safe; 1% risk of failure)
Press: ? - help, Shift-Dir - straight line, f - iguana
Aim: an iguana (84% to hit)
The blast of sand hits the iguana!
The iguana is heavily wounded.
The iguana bites you.
Unknown command.
You hit the iguana but do no damage. You grab the iguana.
You squeeze the iguana, but do no damage.
The iguana is heavily wounded.
You constrict the iguana, but do no damage.
The iguana bites you!
* * * LOW HITPOINT WARNING * * *
It was a potion of might.
You feel very mighty all of a sudden.
You constrict the iguana. The iguana bites you!
You die...

##....#.≈.§§..≈.#
###.###.≈.§≈≈.§.#
.# .# #.≈§§..§≈.#
.# ## #.§≈._.§≈.#
.######.≈≈..§§≈§#
......#.≈§≈≈≈.§.#
#####.#.≈§§...≈.#
#.#..≈§§≈≈..##
#?.#########@#
#### #l# # #.# #
..# .## # #. #.
#.


You could see an iguana.

Vanquished Creatures
  A sky beast (D:5)
  A gnoll shaman (D:5)
  An orc priest (D:3)
  An iguana (D:5)
  Terence (D:3)
  An orc wizard (D:3)
  3 adders
  8 gnolls
  An adder skeleton (D:4)
  2 worms
  4 dart slugs (D:2)
  7 orcs (D:3)
  5 endoplasms
  2 giant cockroaches
  7 goblins
  6 hobgoblins
  12 jackals
  6 kobolds
  5 quokkas
  6 ball pythons
  9 bats
  2 frilled lizards (D:1)
  A quokka skeleton (D:4)
  7 rats
99 creatures vanquished.

Notes
Turn   | Place    | Note
-------+----------+-------------------------------------------
     0 | D:1      | mandarbmax the Octopode Earth Elementalist began the quest
                  | for the Orb.
     0 | D:1      | Reached XP level 1. HP: 11/11 MP: 3/3
   109 | D:1      | Reached XP level 2. HP: 15/17 MP: 3/5
   705 | D:1      | Reached skill level 4 in Earth Magic
   772 | D:1      | Found Raphutos's Distillery.
   918 | D:1      | Reached XP level 3. HP: 21/21 MP: 6/6
   922 | D:1      | Learned a level 3 spell: Stone Arrow
   969 | D:1      | Found a faded altar of an unknown god.
   979 | D:1      | Found Piudgh's Distillery.
  1886 | D:2      | Reached XP level 4. HP: 19/27 MP: 7/7
  2054 | D:2      | Reached skill level 5 in Earth Magic
  2874 | D:3      | Found a transporter.
  2921 | D:3      | Noticed Terence
  2932 | D:3      | Killed Terence
  2933 | D:3      | Reached XP level 5. HP: 12/31 MP: 1/8
  3422 | D:3      | Reached skill level 6 in Earth Magic
  3970 | D:3      | Found a transporter.
  3972 | D:3      | Found a one-way gate to the infinite horrors of the Abyss.
  3972 | D:3      | Noticed Chaicat's ghost (amateur MiBe)
  4298 | D:4      | Reached XP level 6. HP: 36/36 MP: 6/9
  4521 | D:4      | Found a runed translucent door.
  4522 | D:4      | Noticed Crazy Yiuf
  5063 | D:5      | Entered Level 5 of the Dungeon
  5075 | D:5      | Found a broken altar of Ashenzari.
  5077 | D:5      | Found an iron altar of Okawaru.
  5205 | D:5      | Noticed a sky beast
  5215 | D:5      | Killed a sky beast
  5216 | D:5      | Reached skill level 7 in Earth Magic
  5478 | D:5      | Found a shimmering blue altar of Sif Muna.
  5496 | D:5      | Found a basalt altar of Yredelemnul.
  5514 | D:5      | Found a sacrificial altar of Ru.
  5542 | D:5      | Reached XP level 7. HP: 22/41 MP: 0/10
  5550 | D:5      | Slain by an iguana

Illustrated notes

Levels and vault maps discovered:
D:1:      evilmike_arrival_crescent, layout_rooms, serial_shops, shop,
          nicolae_shop_window_shopping,
          dreamdust_ecumenical_altar_angels_and_demons, roderic_roman_lattice,
          minmay_tall_x
D:2:      layout_loops_ring
D:3:      layout_rooms, gammafunk_ghost_abyssal_escape, uniq_terence
D:4:      layout_loops_ring, hangedman_abyss_or_decor_lesser_grid,
          uniq_crazy_yiuf_cottage
D:5:      minmay_diamond_boxcup, layout_cave_pools, mainiacjoe_overflow_paths,
          nicolae_overflow_hidden_temple, dk_noncrumbling_4, st_stairs_3,
          lemuel_old_faithful

Skill      XL: |  1  2  3  4  5  6 |
---------------+-------------------+-----
Earth Magic    | 4 5 6 7 |  7.7
Dodging        | |  2.0
Stealth        | |  2.6
Spellcasting   | |  2.0
Transmutations | |  1.0

Action                   |  1- 3 |  4- 6 |  7- 9 || total
-------------------------+-------+-------+-------++-------
Melee: Unarmed           |    12 |       |       ||    12
       Constrict         |    13 |    18 |     2 ||    33
       Tentacles         |     6 |    11 |     2 ||    19
       Dagger            |    40 |    29 |       ||    69
       Rapier            |       |    48 |     7 ||    55
Throw: Dart              |       |     4 |       ||     4
 Cast: Sandblast         |    31 |    48 |     1 ||    80
       Stone Arrow       |       |     2 |       ||     2
Evoke: Wand              |       |     3 |       ||     3
  Use: Scroll            |       |     5 |       ||     5
       Potion            |       |       |     1 ||     1
 Stab: Sleeping          |     2 |    12 |       ||    14
Armor: Skin              |     7 |     3 |       ||    10
Dodge: Dodged            |    44 |    38 |     2 ||    84

Table legend: (Time is in decaauts)
 A = Elapsed time spent in this place.
 B = Non-inter-level travel time spent in this place.
 C = Inter-level travel time spent in this place.
 D = Time resting spent in this place.
 E = Time spent auto-exploring this place.
 F = Levels seen in this place.
 G = Mean time per level.
                   A        B        C        D        E       F      G
               +--------+--------+--------+--------+--------+-----+--------+
         Total |   5538 |   5426 |    112 |   1532 |   3185 |   5 | 1107.6 |
       Dungeon |   5538 |   5426 |    112 |   1532 |   3185 |   5 | 1107.6 |
               +--------+--------+--------+--------+--------+-----+--------+

Top non-repeatable levels by time:
     D:2: 1818 daAuts
     D:1: 1394 daAuts
     D:3: 1077 daAuts
     D:4: 764 daAuts
     D:5: 484 daAuts
